 Dungeon Crawl Stone Soup version 0.19.1-1-g22dce08 (webtiles) character file.

1575 topcat the Magician (level 8, -2/52 HPs)
             Began as a Mummy Summoner on Nov 17, 2016.
             Was an Initiate of Sif Muna.
             Killed from afar by an electric eel (12 damage)
             ... with a bolt of electricity
             ... on level 8 of the Dungeon on Jan 12, 2017.
             The game lasted 03:37:58 (14089 turns).

topcat the Magician (Mummy Summoner)               Turns: 14089, Time: 03:37:58

Health: -2/52      AC:  5    Str: 12    XL:     8   Next: 60%
Magic:  5/18       EV: 12    Int: 16    God:    Sif Muna [......]
Gold:   308        SH:  0    Dex: 12    Spells: 4 memorised, 12 levels left

rFire  x . .     SeeInvis .     j - +0 spear (curse)
rCold  + . .     Gourm    .     s - +1 robe {MR+}
rNeg   + + +     Faith    .     (no shield)
rPois  ∞         Spirit   .     C - +0 hat
rElec  .         Reflect  .     w - +0 cloak
rCorr  .         Harm     .     (no gloves)
MR     ++...                    z - +0 pair of boots
Stlth  ++........               y - amulet of regeneration
                                (no ring)
                                k - +3 ring of slaying

@: no status effects
A: no food or potions, fire vulnerability, cold resistance 1, negative energy
resistance 3, torment resistance, unbreathing
a: Renounce Religion


You were on level 8 of the Dungeon.
You worshipped Sif Muna.
Sif Muna was noncommittal.
You were not hungry.

You visited 2 branches of the dungeon, and saw 10 of its levels.

You collected 308 gold pieces.

Inventory:

Hand Weapons
 c - a +0 club
 e - a +0 hand axe
 f - a +0 dagger
 i - a +0 dagger
 j - a cursed +0 spear (weapon)
 m - a +0 dagger
 p - a +0 scythe
 q - a +0 blowgun
 r - a +0 dagger
 u - a +2 short sword of electrocution
 v - a +0 hunting sling
 A - a +0 dagger
 D - a cursed -3 dagger
 G - a +0 trident
 I - a +0 hand crossbow
 J - a +0 quarterstaff
 L - a +0 dagger
 O - a +2 shortbow of freezing
 Q - a +0 rapier
 R - a +2 spear of piercing
 S - a cursed -1 dagger
 T - a +0 blowgun
Missiles
 g - 230 stones (quivered)
 l - 58 poisoned needles
 t - 82 arrows
 N - 2 javelins
Armour
 a - a +0 robe
 h - a +0 robe
 s - a +1 robe of magic resistance (worn)
 w - a +0 cloak (worn)
 x - a +0 pair of boots
 z - a +0 pair of boots (worn)
 C - a +0 hat (worn)
 E - a +0 robe
 F - the +2 ring mail of the Red Skies {rElec rPois rC+ MR+, unknown}
   (You found it on level 6 of the Dungeon)

   It protects you from cold.
   It insulates you from electricity.
   It protects you from poison.
   It affects your resistance to hostile enchantments.
 H - a +0 robe
 K - a +0 cloak
 M - a cursed +0 robe
Jewellery
 k - a +3 ring of slaying (left hand)
 y - an amulet of regeneration (around neck)
 B - an uncursed amulet of regeneration
Wands
 o - a wand of digging (4/24)
 P - a wand of flame (27/48)
Scrolls
 d - 2 scrolls of remove curse
 n - 3 scrolls of identify
Books
 b - a book of Callings

   Spells                             Type                      Level
   a - Summon Small Mammal            Summoning                    1
   b - Call Imp                       Summoning                    2
   c - Call Canine Familiar           Summoning                    3
   d - Summon Guardian Golem          Hexes/Summoning              3
   e - Summon Lightning Spire         Summoning/Air                4
   f - Summon Ice Beast               Ice/Summoning                4


   Skills:
 + Level 0.5 Short Blades
 + Level 0.2 Polearms
 + Level 1.8 Dodging
 + Level 2.5 Stealth
 + Level 7.1 Spellcasting
 + Level 1.0 Hexes
 + Level 6.8 Summonings


You had 12 spell levels left.
You knew the following spells:

 Your Spells              Type           Power        Failure   Level  Hunger
a - Summon Small Mammal   Summ           ####         1%          1    N/A
b - Call Imp              Summ           ####....     1%          2    N/A
c - Call Canine Familiar  Summ           ####....     1%          3    N/A
d - Summon Guardian Gole  Hex/Summ       ###.....     10%         3    N/A

Dungeon Overview and Level Annotations

Branches:
Dungeon (9/15)             Temple (1/1) D:6
   Lair: D:8-11         Orc: D:9-12

Altars:
Cheibriados
Elyvilon
Gozag
Hepliaklqana
Kikubaaqudgha
Makhleb
Okawaru
Qazlal
Ru
Sif Muna
Trog
Uskayaw
Vehumet
Xom
Yredelemnul

Annotations:
D:2 exclusion: downstairs
D:3 exclusion: downstairs
D:4 exclusion: downstairs, Gargoyl's ghost, novice DsAK


Innate Abilities, Weirdness & Mutations

You do not eat or drink.
Your flesh is vulnerable to fire.
You are immune to poison.
Your flesh is cold resistant. (rC+)
You are immune to negative energy. (rN+++)
You are immune to unholy pain and torment.
You can survive without breathing.


Message History

Anything else - Cancel.
Gang up on whom?
Press: ? - help, Dir - move target cursor, f - electric eel
Aim: an electric eel Attack!
The electric eel shoots out a bolt of lightning at you!
The bolt of electricity hits your quokka.
Your quokka dies!
Your quokka's corpse disappears in a puff of smoke!
The bolt of electricity hits you!
The electric eel shoots out a bolt of lightning at you!
The bolt of electricity hits your hound.
Your hound dies!
Your hound's corpse disappears in a puff of smoke!
The bolt of electricity hits you!
* * * LOW HITPOINT WARNING * * *
The electric eel shoots out a bolt of lightning at you!
The bolt of electricity hits your crimson imp.
The bolt of electricity hits you!
You die...

#######+#........###..
###......... #.....#'########
♣♣ .###..............#
♣≈P♣≈≈≈≈.................#
P≈≈≈≈P≈♣......#..........#
≈≈≈≈≈≈≈♣......#..........# .#
≈≈≈≈≈≈≈P≈.....#..........#...#
≈≈P≈P≈≈P≈≈......@........#...#
PP≈≈≈≈.≈.≈....§....).....#...#
.≈≈.....≈..r.............#...#
...........5..855....)...#...#
....≈...≈;≈♣r........<)......#
≈≈≈≈≈♣P♣#.....##.........#
≈≈≈≈♣≈###.....##.........# ≈≈≈
♣.....######......†..# ♣♣
#.##### #.........#


You could see an electric eel, a friendly guardian golem, 2 friendly crimson
imps, a friendly shadow imp and 2 friendly quokkas.

Vanquished Creatures
  A hungry ghost (D:7)
  A crimson imp (D:4)
  2 hounds
  An iguana (D:7)
  An adder (D:2)
  3 dart slugs
  A leopard gecko (D:1)
  An orc (D:4)
  4 giant cockroaches
  A hobgoblin (D:3)
  A jackal (D:3)
  4 kobolds
  A quokka (D:5)
  5 bats
  2 frilled lizards (D:1)
  A rat (D:3)
30 creatures vanquished.

Vanquished Creatures (collateral kills)
  Grinder (D:3)
  A hippogriff (D:8)
  Sigmund (D:3)
  A sky beast (D:5)
  2 phantoms
  4 ogres
  3 centaurs
  A big kobold (D:8)
  A gnoll sergeant (D:8)
  2 bullfrogs
  A water moccasin skeleton (D:6)
  2 howler monkeys (D:4)
  An electric eel (D:8)
  A crimson imp (D:5)
  A centaur zombie (D:5)
  4 hounds
  A jelly (D:6)
  4 orc priests
  An orc wizard (D:4)
  2 iguanas
  4 worker ants
  2 hound skeletons
  A howler monkey zombie (D:6)
  3 gnolls (D:8)
  5 adders
  A shadow imp (D:7)
  3 worms
  2 dart slugs (D:1)
  5 leopard geckos
  19 orcs
  4 giant cockroaches
  6 goblins
  12 hobgoblins
  3 jackals
  2 quokkas
  2 ball pythons
  4 bats
  5 frilled lizards
  A jackal skeleton (D:7)
  14 kobolds
  2 leopard gecko skeletons
  2 quokka skeletons
  2 rats (D:3)
139 creatures vanquished.

Vanquished Creatures (others)
  An ogre (D:4)
1 creature vanquished.

Grand Total: 170 creatures vanquished

Notes
Turn   | Place    | Note
-------+----------+-------------------------------------------
     0 | D:1      | topcat the Mummy Summoner began the quest for the Orb.
     0 | D:1      | Reached XP level 1. HP: 13/13 MP: 3/3
   973 | D:1      | Upgraded the game from 0.19.0-20-gbc5f0c6 to 0.19.1
   991 | D:1      | Reached XP level 2. HP: 19/19 MP: 0/5
  1338 | D:1      | Learned a level 2 spell: Call Imp
  2059 | D:2      | Reached XP level 3. HP: 18/24 MP: 1/6
  3134 | D:3      | Reached skill level 3 in Spellcasting
  3230 | D:3      | Noticed Grinder
  3267 | D:3      | Killed Grinder
  3267 | D:3      | Reached XP level 4. HP: 14/30 MP: 1/9
  3267 | D:3      | Reached XP level 5. HP: 17/35 MP: 1/10
  3662 | D:3      | Noticed Sigmund
  3790 | D:3      | Killed Sigmund
  3790 | D:3      | Reached skill level 4 in Spellcasting
  3999 | D:4      | Noticed an ogre
  4045 | D:3      | Reached XP level 6. HP: 41/41 MP: 9/12
  4673 | D:4      | Noticed Gargoyl's ghost (novice DsAK)
  4936 | D:4      | Reached skill level 5 in Summonings
  4972 | D:5      | Entered Level 5 of the Dungeon
  5177 | D:5      | Learned a level 3 spell: Call Canine Familiar
  5181 | D:5      | Learned a level 3 spell: Summon Guardian Golem
  5229 | D:5      | Found an ancient bone altar of Kikubaaqudgha.
  5624 | D:4      | Reached XP level 7. HP: 46/46 MP: 6/14
  5771 | D:4      | Reached skill level 5 in Spellcasting
  8295 | D:5      | Upgraded the game from 0.19.1 to 0.19.1-1-g22dce08
  9648 | D:6      | Got a steaming ring mail
 10293 | D:6      | Reached skill level 6 in Spellcasting
 10474 | D:7      | Noticed a hungry ghost
 10491 | D:7      | Killed a hungry ghost
 10491 | D:7      | Reached XP level 8. HP: 52/52 MP: 6/17
 10737 | D:7      | Found a snail-covered altar of Cheibriados.
 10966 | D:7      | Reached skill level 1 in Hexes
 11732 | D:6      | Found a staircase to the Ecumenical Temple.
 11741 | Temple   | Entered the Ecumenical Temple
 11749 | Temple   | Became a worshipper of Sif Muna the Loreminder
 14001 | D:8      | Noticed a hippogriff
 14013 | D:8      | Killed a hippogriff
 14013 | D:8      | Reached skill level 7 in Spellcasting
 14089 | D:8      | Killed from afar by an electric eel

Skill      XL: |  1  2  3  4  5  6  7  8 |
---------------+-------------------------+-----
Stealth        | 2 |  2.5
Spellcasting   | 3 4 6 7 |  7.1
Summonings     | 4 5 6 |  6.8
Hexes          | 1 |  1.0
Short Blades   | |  0.5
Polearms       | |  0.2
Dodging        | |  1.8

Action                   |  1- 3 |  4- 6 |  7- 9 || total
-------------------------+-------+-------+-------++-------
Melee: Dagger            |    54 |       |       ||    54
       Club              |     5 |       |       ||     5
       Hand axe          |     1 |       |       ||     1
       Spear             |       |    24 |    34 ||    58
Throw: Stone             |     1 |       |       ||     1
 Cast: Summon Small Mamm |    84 |    23 |    80 ||   187
       Call Imp          |    27 |    75 |   167 ||   269
       Call Canine Famil |       |     3 |    67 ||    70
       Summon Guardian G |       |     2 |    29 ||    31
Evoke: Wand              |       |       |     1 ||     1
  Use: Scroll            |     5 |     3 |     7 ||    15
 Stab: Sleeping          |     3 |       |       ||     3
       Distracted        |     1 |     1 |     2 ||     4
Armor: Robe              |    17 |     3 |    19 ||    39
Dodge: Dodged            |    59 |    21 |    40 ||   120
